 Dungeon Crawl Stone Soup version 0.18.1-6-gd335043 (webtiles) character file.

2261 Moloch the Severer (level 9, -3/70 HPs)
             Began as a Hill Orc Fighter on May 20, 2016.
             Was an Initiate of Okawaru.
             Slain by a sky beast (5 damage)
             ... on level 7 of the Dungeon.
             The game lasted 00:12:05 (6200 turns).

Moloch the Severer (Hill Orc Fighter)               Turns: 6200, Time: 00:12:05

Health: -3/70      AC: 12    Str: 20    XL:     9   Next: 38%
Magic:  9/9        EV:  5    Int:  8    God:    Okawaru [......]
Gold:   319        SH:  9    Dex: 12    Spells: 0 memorised, 8 levels left

rFire  . . .     SeeInvis +     a - +1 war axe
rCold  . . .     Gourm    .     q - +0 chain mail
rNeg   . . .     Faith    .     c - +0 shield
rPois  .         Spirit   .     E - +0 helmet
rElec  .         Dismiss  .     n - +0 cloak
rCorr  .         Reflect  .     h - +0 pair of gloves
SustAt .         Harm     .     (no boots)
MR     .....                    (no amulet)
Stlth  ..........               (no ring)
                                u - ring of see invisible

@: lethally poisoned (-3 -> -3), very slightly contaminated, not resistant to
hostile enchantments, extremely unstealthy
A: no striking features
a: Renounce Religion


You were on level 7 of the Dungeon.
You worshipped Okawaru.
Okawaru was noncommittal.
You were very hungry.

You visited 2 branches of the dungeon, and saw 8 of its levels.

You collected 319 gold pieces.

Inventory:

Hand Weapons
 a - a +1 war axe (weapon)
 L - a +1 whip of electrocution
Missiles
 s - 4 javelins (quivered)
 y - a throwing net
Armour
 c - a +0 shield (worn)
 h - a +0 pair of gloves (worn)
 n - a +0 cloak (worn)
 q - a +0 chain mail (worn)
 E - a +0 helmet (worn)
Rods
 M - a +3 rod of shadows (9/9)
   (You found it on level 6 of the Dungeon)
Jewellery
 u - a ring of see invisible (left hand)
Wands
 t - a wand of hasting (6/9)
 x - a wand of lightning (7/15)
 C - a wand of polymorph (11/24)
 H - a wand of iceblast (3/15)
 N - a wand of lightning (12/15)
Scrolls
 e - 3 scrolls of recharging
 i - 4 scrolls of immolation
 k - a scroll of blinking
 m - 5 scrolls of remove curse
 p - 5 scrolls of enchant weapon
Potions
 d - a potion of might
 g - a potion of mutation
 j - a potion of invisibility
 r - 3 potions of curing
 z - a potion of agility
 A - a potion of heal wounds {unknown}
 D - a potion of flight
 F - 2 potions of haste {unknown}
 G - a potion of magic {unknown}
 I - 2 potions of cure mutation {unknown}
 J - 4 potions of ambrosia {unknown}
 K - 4 potions of brilliance {unknown}
Comestibles
 f - 4 bread rations
 o - 3 fruits
 v - a meat ration


   Skills:
 - Level 3.6 Fighting
 + Level 15.1 Axes
 - Level 3.2 Armour
 - Level 3.2 Shields


You had 8 spell levels left.
You didn't know any spells.

Dungeon Overview and Level Annotations

Branches:
Dungeon (7/15)             Temple (1/1) D:6

Altars:
Cheibriados
Dithmenos
Fedhas
Gozag
Kikubaaqudgha
Makhleb
Nemelex Xobeh
Okawaru
Pakellas
Qazlal
Ru
Sif Muna
Trog
Vehumet
Xom
Yredelemnul
Zin

Shops:
D:5 (   D:6 !


Message History

Unknown command.
You hit the sky beast.
The sky beast is almost dead.
Your shield and chain mail prevent you from hitting the orc wizard.
The orc wizard is heavily wounded.
You feel sick.
The orc wizard gestures at you while chanting.
The puff of flame hits you! You block the sky beast's attack.
Unknown command.
Your shield and chain mail prevent you from hitting the sky beast.
The sky beast is almost dead.
You hit the orc wizard.
The orc wizard is severely wounded.
The orc wizard gestures at you while chanting.
The puff of flame hits you!
* * * LOW HITPOINT WARNING * * *
The sky beast hits you.
* * * LOW HITPOINT WARNING * * *
The sky beast shocks you.
You die...

...........
.#.........####
..............
#............
#............
#..!.........
#....o)......
#....@)...[..
#....Y.......
#............
#............
#............
#............
######+######


You could see a sky beast (invisible) and an orc wizard.

Vanquished Creatures
  Grinder (D:3)
  2 orc warriors
  A sky beast (D:5)
  A phantom (D:6)
  An ogre (D:6)
  A centaur (D:6)
  A wyvern skeleton (D:6)
  A scorpion (D:4)
  3 howler monkeys
  A centaur zombie (D:5)
  3 crimson imps
  9 orc priests
  2 hounds
  Ijyb (D:2)
  Terence (D:3)
  Jessica (D:2)
  4 orc wizards
  10 worker ants
  3 iguanas
  A hound zombie (D:5)
  A hound skeleton (D:5)
  Robin (D:3)
  14 adders
  4 shadow imps
  An ooze (D:6)
  2 adder skeletons (D:5)
  2 worms
  4 dart slugs
  4 giant geckos
  17 orcs
  5 bats
  2 giant cockroaches
  26 goblins
  11 hobgoblins
  6 jackals
  4 quokkas
  2 ball pythons
  A ball python zombie (D:6)
  5 giant newts
  11 kobolds
  A quokka skeleton (D:4)
  2 quokka zombies (D:5)
  4 rats
178 creatures vanquished.

Notes
Turn   | Place    | Note
--------------------------------------------------------------
     0 | D:1      | Moloch the Hill Orc Fighter began the quest for the Orb.
     0 | D:1      | Reached XP level 1. HP: 19/19 MP: 1/1
    77 | D:1      | Reached skill level 3 in Axes
   126 | D:1      | Reached XP level 2. HP: 26/26 MP: 2/2
   212 | D:1      | Reached skill level 4 in Axes
   400 | D:1      | Reached XP level 3. HP: 31/31 MP: 3/3
   736 | D:2      | Reached skill level 5 in Axes
   863 | D:2      | Noticed Jessica
   888 | D:2      | Killed Jessica
   888 | D:2      | Reached XP level 4. HP: 8/39 MP: 4/4
  1138 | D:2      | Reached skill level 6 in Axes
  1200 | D:2      | Found a sparkling altar of Nemelex Xobeh.
  1481 | D:2      | Noticed Ijyb
  1495 | D:2      | Reached XP level 5. HP: 31/45 MP: 5/5
  1511 | D:2      | Killed Ijyb
  1511 | D:2      | Reached skill level 7 in Axes
  1780 | D:3      | Noticed Grinder
  1802 | D:3      | Killed Grinder
  1802 | D:3      | Reached skill level 9 in Axes
  1802 | D:3      | Reached XP level 6. HP: 24/51 MP: 6/6
  2319 | D:3      | Noticed Robin
  2337 | D:3      | Killed Robin
  2375 | D:3      | Found a faded altar to an unknown god.
  2422 | D:3      | Noticed Terence
  2433 | D:3      | Killed Terence
  2433 | D:3      | Reached XP level 7. HP: 54/57 MP: 7/7
  2446 | D:3      | Found a shadowy altar of Dithmenos.
  2614 | D:4      | Found a basalt altar of Yredelemnul.
  2808 | D:4      | Reached skill level 10 in Axes
  3190 | D:4      | Found a radiant altar of Vehumet.
  3279 | D:4      | Reached skill level 11 in Axes
  3437 | D:5      | Entered Level 5 of the Dungeon
  3590 | D:5      | Reached XP level 8. HP: 28/64 MP: 8/8
  3818 | D:5      | Reached skill level 12 in Axes
  3880 | D:5      | Found a glowing silver altar of Zin.
  4021 | D:5      | Found Conkig's Weapon Boutique.
  4024 | D:5      | Found a shimmering altar of Xom.
  4341 | D:5      | Reached skill level 13 in Axes
  4503 | D:6      | Found Xuopluro's Distillery.
  4649 | D:6      | Reached skill level 14 in Axes
  4649 | D:6      | Reached XP level 9. HP: 38/70 MP: 9/9
  4904 | D:6      | Found a blossoming altar of Fedhas.
  4970 | D:6      | Found a staircase to the Ecumenical Temple.
  5013 | Temple   | Entered the Ecumenical Temple
  5107 | D:6      | Found an oddly glowing altar of Pakellas.
  5220 | D:6      | Found an iron altar of Okawaru.
  5261 | D:6      | Became a worshipper of Warmaster Okawaru
  5301 | D:6      | Noticed a death knight
  5413 | D:5      | Identified a +3 rod of shadows (9/9) (You found it on level 6 of the Dungeon)
  6194 | D:7      | Reached skill level 15 in Axes
  6200 | D:7      | HP: 3/70 [orc wizard/puff of flame (6)]
  6200 | D:7      | Slain by a sky beast

Skill      XL: |  1  2  3  4  5  6  7  8  9 |
---------------+----------------------------+-----
Axes           | 3 4 5 6 9 11 14 15 | 15.1
Fighting       | |  3.6
Armour         | |  3.2
Shields        | |  3.2

Action                   |  1- 3 |  4- 6 |  7- 9 || total
-------------------------+-------+-------+-------++-------
Melee: War axe           |    87 |   179 |   397 ||   663
       Whip              |       |       |     6 ||     6
Evoke: Wand              |       |     3 |     1 ||     4
  Use: Scroll            |       |       |    15 ||    15
       Potion            |       |       |     1 ||     1
 Stab: Invisible         |       |       |     2 ||     2
  Eat: Chunk             |       |     5 |    12 ||    17
Armor: Scale mail        |    26 |       |       ||    26
       Chain mail        |    17 |    97 |   162 ||   276
Dodge: Dodged            |    29 |    27 |    64 ||   120
Block: Shield            |    43 |    84 |   134 ||   261
